 Dungeon Crawl Stone Soup version 0.31-a0-986-g5e6e4ef867 (webtiles) character file.

Game seed: 10173736271247000555

204403 Pooter the Severer (level 18, -27/255 HPs)
             Began as a Minotaur Berserker on Nov 16, 2023.
             Was a High Priest of Trog.
             Killed from afar by a salamander tyrant (36 damage)
             ... with a flame surge
             ... on level 2 of the Snake Pit on Nov 17, 2023.
             The game lasted 03:28:23 (46636 turns).

Pooter the Severer (Minotaur Berserker)            Turns: 46636, Time: 03:28:24

Health: -27/255    AC: 26    Str: 34    XL:     18   Next: 1%
Magic:  0/17       EV: 15    Int:  4    God:    Trog [*****.]
Gold:   602        SH:  0    Dex: 15    Spells: 17/17 levels left

rFire   . . .        a - +0 battleaxe (heavy)
rCold   . . .        (shield currently unavailable)
rNeg    . . .        l - +8 chain mail {rPois}
rPois   +            (helmet restricted)
rElec   .            T - +1 cloak of the Moon Troll {Harm Regen+ SInv}
rCorr   .            W - +2 pair of gloves {Str+3}
SInv    +            B - +2 pair of boots {rampage}
Will    ++++.        G - amulet of guardian spirit Stlth
                     E - +4 ring of slaying
HPRegen 2.42/turn    g - +6 ring of strength
MPRegen 0.15/turn

%: harm (+30% outgoing, +20% incoming), guardian spirit, rampage
@: berserking, weakened, strong-willed, regenerating, very quick
A: horns 2, retaliatory headbutt, talons 1, deformed body, strong-willed 1
}: 1/15 runes: decaying
a: Renounce Religion, Berserk, Trog's Hand, Brothers in Arms


You were on level 2 of the Snake Pit.
You worshipped Trog.
Trog was extremely pleased with you.
You visited 5 branches of the dungeon, and saw 28 of its levels.

You collected 2806 gold pieces.
You spent 2204 gold pieces at shops.

Inventory:

Hand Weapons
 a - a +0 heavy battleaxe (weapon)
   (You found it on level 2 of the Orcish Mines)
 b - a +0 arbalest
   (You took it off an orc knight on level 2 of the Orcish Mines)
 v - the +4 war axe "Binlaoje" {flame, Fly rElec Str+4 Int-3}
   (Trog gifted it to you on level 1 of the Snake Pit)

   Str+4:     It affects your strength (+4).
   Int-3:     It affects your intelligence (-3).
   rElec:     It insulates you from electricity.
   Fly:       It grants you flight.
 X - a +2 executioner's axe of flaming
   (Trog gifted it to you on level 2 of the Snake Pit)
Missiles
 e - a silver javelin
 s - 4 atropa-tipped darts
 y - 10 javelins
 Q - 11 datura-tipped darts
 S - 26 boomerangs (quivered)
 U - 5 curare-tipped darts
Armour
 c - a scarf of repulsion
   (You found it on level 2 of the Swamp)
 j - a +3 scale mail of cold resistance
   (You found it on level 1 of the Dungeon)
 l - a +8 chain mail of poison resistance (worn)
   (You took it off Edmund on level 6 of the Dungeon)
 A - a +0 hat of intelligence
   (You took it off Gastronok on level 3 of the Lair of Beasts)
 B - a +2 pair of boots of rampaging (worn)
   (You found it on level 9 of the Dungeon)
 K - a +1 crystal plate armour
   (You bought it in a shop on level 6 of the Dungeon)
 N - +0 storm dragon scales
   (You found it on level 1 of the Lair of Beasts)
 O - a scarf of resistance
   (You found it on level 4 of the Lair of Beasts)
 R - a +2 pair of gloves of stealth
   (You found it on level 2 of the Lair of Beasts)
 T - the +1 cloak of the Moon Troll (worn) {Harm Regen+ SInv}
   (You acquired it on level 14 of the Dungeon)

   SInv:      It lets you see invisible.
   Regen+:    It increases your rate of health regeneration.
   Harm:      It increases damage dealt and taken.
 W - a +2 pair of gloves of strength (worn)
   (You found it on level 5 of the Lair of Beasts)
Jewellery
 g - a +6 ring of strength (right hand)
   (You found it on level 1 of the Dungeon)
 C - a ring of resist corrosion
   (You found it on level 1 of the Swamp)
 E - a +4 ring of slaying (left hand)
   (You found it on level 2 of the Snake Pit)
 F - a ring of protection from fire
   (You found it on level 1 of the Dungeon)
 G - an amulet of guardian spirit (around neck)
   (You took it off Urug on level 2 of the Lair of Beasts)
 I - a ring of flight
   (You bought it in a shop on level 2 of the Orcish Mines)
 P - a ring of poison resistance
   (You found it on level 13 of the Dungeon)
Wands
 f - a wand of flame (32)
   (You found it on level 3 of the Lair of Beasts)
 q - a wand of charming (10)
   (You bought it in a shop on level 3 of the Dungeon)
 u - a wand of roots (26)
   (You found it on level 3 of the Dungeon)
 z - a wand of polymorph (23)
   (You found it on level 3 of the Dungeon)
 D - a wand of digging (6)
   (You found it on level 2 of the Swamp)
 J - a wand of light (23)
   (You found it on level 1 of the Swamp)
 Y - a wand of mindburst (17)
   (You found it on level 2 of the Swamp)
Scrolls
 d - 5 scrolls of fog
 h - a scroll of immolation {!r}
 p - a scroll of silence
 r - 4 scrolls of blinking
 t - 6 scrolls of teleportation {@r4}
 L - 6 scrolls of poison
 M - 4 scrolls of revelation
Potions
 i - 3 potions of resistance
 k - 7 potions of heal wounds {@q2}
 m - 3 potions of lignification {!q}
 n - 8 potions of curing {@q1}
 o - 6 potions of haste {@q3}
 w - a potion of might
 x - 4 potions of mutation {!q}
 H - 7 potions of attraction {!q}
 V - 2 potions of cancellation
 Z - 4 potions of enlightenment


   Skills:
 + Level 17.5 Fighting
 - Level 20.0 Axes
 - Level 18.0 Ranged Weapons
 - Level 8.4 Throwing
 + Level 12.2 Armour
 - Level 11.1 Dodging
 + Level 3.3 Stealth
 - Level 5.1 Shields
 + Level 8.1 Evocations


You had 17 spell levels left.
You didn't know any spells.
Your spell library was empty.

Dungeon Overview and Level Annotations

Branches:
Dungeon (15/15) Zot: 25579  Temple (0/1) D:5            Lair (5/5) D:10 Zot: 16464
  Swamp (4/4) Lair:2 Zot: 17359   Snake (2/4) Lair:2 Zot: 8676   Slime (0/5) Lair:4
    Orc (2/2) D:11 Zot: 9124     Elf (0/3) Orc:2        Vaults (0/5) D:14
 Depths (0/4) D:15

Altars:
Cheibriados
Elyvilon
Makhleb
Okawaru
Qazlal
Uskayaw
Vehumet
Xom
Jiyva

Shops:
D:3 *   D:6 [   D:11 *   D:14 (   Orc:2 [(=!


Innate Abilities, Weirdness & Mutations

You have a pair of horns on your head.
You reflexively headbutt those who attack you in melee.
You have sharp toenails.
Armour fits poorly on your strangely shaped body.
You are strong-willed. (Will+)


Message History

Trog accepts your kill.
Trog appreciates your killing of a magic user.
The salamander tyrant gazes fiercely through you!
You feel as though you will be weak longer.
A salamander mystic comes into view. It is wielding a +0 dagger.
You barely miss the salamander tyrant.
The salamander tyrant gazes fiercely through you!
You feel as though you will be weak longer.
The salamander tyrant calls gouts of flame from the lava!
The flame surge hits you!!
The salamander mystic casts a spell at the salamander tyrant.
The salamander tyrant seems to speed up.
The salamander tyrant calls gouts of flame from the lava!
The flame surge hits you but does no damage.
You barely miss the salamander tyrant.
The salamander tyrant calls gouts of flame from the lava!
The flame surge hits you!!
The salamander mystic gestures at you while chanting.
The lance of force hits you!!
You are knocked back by the lance of force.
The salamander tyrant rends the earth beneath you!
The blast of magma engulfs you!!
* * * LOW MAGIC WARNING * * *
* * * LOW HITPOINT WARNING * * *
You feel much better.
The salamander tyrant rends the earth beneath you!
The blast of magma engulfs you!!
* * * LOW MAGIC WARNING * * *
* * * LOW HITPOINT WARNING * * *
The salamander mystic casts a spell at something.
The salamander tyrant calls gouts of flame from the lava!
The flame surge hits you!!!
* * * LOW MAGIC WARNING * * *
* * * LOW HITPOINT WARNING * * *
The salamander tyrant calls gouts of flame from the lava!
The flame surge hits you but does no damage.
The salamander tyrant gazes fiercely through you!
You feel as though you will be weak longer.
The salamander tyrant gazes fiercely through you!
You feel as though you will be weak longer.
A red film seems to cover your vision as you go berserk!
You feel yourself moving faster!
You feel mighty!
The salamander tyrant calls gouts of flame from the lava!
The flame surge hits you!!
* * * LOW MAGIC WARNING * * *
* * * LOW HITPOINT WARNING * * *
The salamander tyrant calls gouts of flame from the lava!
The flame surge hits you!!
* * * LOW MAGIC WARNING * * *
You die...

..## ≈..###.......... ### ≈.≈
#.......... .# # ##)###..........
#.# #≈ #≈.≈###......... #.. #.
##N## #####..##. ####. .≈# ##§.≈#
##)###. .# ....
##.#§###N#.#######.###.. .##.. .
#≈..#§#≈#N≈≈##..#†## #.# ...#
##...§.@...####..).# #.# ...#
#≈.§.#≈#..≈≈###...####.# ...# ###
##..#≈≈≈#..###.#..###.## ...#
#.###≈.§≈≈§≈≈..≈####.#....##
...###..###.§#§§≈#))## ###.###.#
....##...###..#§#).## ##.####..
....#.....###.....## .##........
....###...####'''###..)#.........
....# ##.#............##.........


You could see 2 salamander tyrants and a salamander mystic.

Vanquished Creatures
  the Lernaean hydra (Swamp:4)
  2 acid blobs (Lair:4)
  Gastronok (Lair:3)
  Aizul (Snake:2)
  Kirke (Lair:3)
  2 orc warlords (Orc:2)
  The ghost of Firecrotchwizard the Brawler, a journeyman TrSh of Gozag (Lair:4)
  10 eleionomae
  Azrael (D:12)
  4 bunyips
  A merfolk javelineer (Orc:2)
  An ettin (D:15)
  A fire dragon (D:13)
  Josephine (D:12)
  A merfolk impaler (Orc:2)
  A shambling mangrove (Swamp:4)
  14 alligators
  22 hydras
  4 anacondas
  7 centaur warriors
  5 ghost crabs
  A merfolk avatar (Lair:5)
  9 two-headed ogres
  5 naga warriors
  2 boulder beetles (D:13)
  18 death yaks (Lair:4)
  2 tengu warriors (D:15)
  4 naga sharpshooters (Snake:2)
  Urug (Lair:2)
  2 orc high priests (Orc:2)
  A hell knight (D:15)
  The ghost of jpeg9000 the Changeling, a novice OpSh of Gozag (D:9)
  2 shock serpents (Snake:1)
  4 salamander mystics (Snake:2)
  The ghost of niangp the Cleaver, a novice DsBe of Trog (D:10)
  3 skysharks
  5 goliath frogs
  2 spriggan druids
  2 sea snakes (Lair:5)
  15 swamp dragons
  4 naga ritualists (Snake:2)
  7 bog bodies
  A deep elf archer (Orc:2)
  3 harpies
  3 deep elf pyromancers
  3 necromancers
  4 mana vipers
  Pikel (D:6)
  13 orc knights
  2 ugly things
  A shining eye (Orc:2)
  4 will-o-the-wisps
  2 orc sorcerers (Orc:2)
  A moth of wrath (D:9)
  3 manticores
  7 elephants
  4 cyclopes
  A moth of wrath (shapeshifter) (D:9)
  28 black mambas
  10 salamanders
  Maurice (D:12)
  2 guardian serpents (Snake:1)
  5 naga magi (Snake:2)
  3 torpor snails
  A tengu conjurer (D:15)
  A kobold demonologist (D:9)
  3 unseen horrors
  7 rime drakes
  18 cane toads
  Psyche (D:10)
  18 komodo dragons
  10 tyrant leeches
  A bloated husk (Swamp:2)
  8 trolls
  Prince Ribbit (D:9)
  6 saltlings (Orc:2)
  3 polar bears
  A wind drake (Lair:5)
  17 hornets
  4 blink frogs (Lair:5)
  9 dream sheep
  10 slime creatures
  A vampire (D:11)
  13 spriggans
  A water elemental (D:11)
  5 wraiths
  9 wyverns
  A shadow (D:12)
  4 hogs
  46 yaks
  5 basilisks
  3 fire bats (Lair:3)
  Grum (D:10)
  6 fire elementals
  2 humans (D:10)
  12 vampire mosquitoes
  3 steam dragons
  Edmund (D:6)
  4 wargs
  19 nagas
  15 swamp worms
  3 acid dragons
  A hell hound (D:12)
  19 water moccasins
  26 orc warriors
  4 black bears
  8 swamp drakes
  2 sky beasts (D:8)
  An ice beast (D:6)
  5 ogres
  3 centaurs
  12 wolves
  A phantom (D:6)
  6 kobold brigands
  Blork the orc (D:5)
  8 bullfrogs
  A gnoll sergeant (D:9)
  2 scorpions
  6 wights
  40 killer bees
  7 howler monkeys
  5 electric eels
  2 hounds (D:6)
  3 jellies
  20 orc priests
  A gnoll bouda (D:5)
  Jessica (D:3)
  6 iguanas
  2 sleepcaps
  24 orc wizards
  Robin (D:2)
  6 gnolls
  5 adders
  2 shadow imps
  2 worms (D:2)
  A dart slug (D:4)
  109 orcs
  8 ball pythons
  4 bats
  5 endoplasms
  6 giant cockroaches
  14 goblins
  15 hobgoblins
  2 jackals (D:2)
  4 quokkas
  2 frilled lizards
  31 kobolds
  3 rats
  A butterfly (Lair:1)
986 creatures vanquished.

Vanquished Creatures (collateral kills)
  A troll (Orc:2)
  An orc warrior (Orc:2)
  An orc (D:9)
3 creatures vanquished.

Vanquished Creatures (others)
  A bunyip (Swamp:3)
  The ghost of PowderKeg the Warrior, a journeyman AtFi of Jiyva (Orc:2)
  A bloated husk (Swamp:3)
  An orc priest (D:9)
  12 foxfires (Swamp:3)
16 creatures vanquished.

Grand Total: 1005 creatures vanquished

Notes
Turn   | Place    | Note
-------+----------+-------------------------------------------
     0 | D:1      | Pooter the Minotaur Berserker began the quest for the Orb.
     0 | D:1      | Reached XP level 1. HP: 19/19 MP: 0/0
   100 | D:1      | Reached XP level 2. HP: 27/27 MP: 1/1
   173 | D:1      | Reached skill level 4 in Axes
   793 | D:2      | Reached XP level 3. HP: 33/33 MP: 2/2
   802 | D:2      | Reached ** piety under Trog
   956 | D:2      | Noticed Robin
   967 | D:2      | Killed Robin
   968 | D:2      | Reached XP level 4. HP: 40/40 MP: 3/3
  1143 | D:2      | Reached skill level 1 in Throwing
  1380 | D:2      | Reached skill level 5 in Axes
  1463 | D:3      | Reached XP level 5. HP: 46/46 MP: 4/4
  1662 | D:3      | Found Dunar's Assorted Antiques.
  1671 | D:3      | Bought a scroll labelled ZEYFETHR HUIPIG for 21 gold pieces
  1671 | D:3      | Bought a viscous sapphire potion for 18 gold pieces
  1671 | D:3      | Bought a puce potion for 18 gold pieces
  1671 | D:3      | Bought a scroll labelled YKKECEIHURPH for 21 gold pieces
  1690 | D:3      | Noticed Jessica
  1696 | D:3      | Killed Jessica
  1793 | D:3      | Reached XP level 6. HP: 53/53 MP: 5/5
  1890 | D:3      | Reached skill level 1 in Ranged Weapons
  2010 | D:4      | Reached *** piety under Trog
  2122 | D:4      | Found a hide-covered altar of Uskayaw.
  2614 | D:3      | Bought a fluorescent wand for 84 gold pieces
  2817 | D:4      | You fall into a shaft and drop 3 floors!
  2994 | D:7      | Reached skill level 6 in Axes
  2998 | D:6      | Noticed an ice beast
  3006 | D:6      | Killed an ice beast
  3007 | D:6      | Reached skill level 5 in Fighting
  3058 | D:6      | Found Hashrimna's Antique Armour Shoppe.
  3076 | D:6      | Noticed a vampire mosquito
  3076 | D:6      | Noticed a vampire mosquito
  3077 | D:6      | Noticed a vampire mosquito
  3077 | D:6      | Noticed a vampire mosquito
  3085 | D:6      | Killed a vampire mosquito
  3086 | D:6      | Reached XP level 7. HP: 61/61 MP: 6/6
  3092 | D:6      | Killed a vampire mosquito
  3093 | D:6      | Reached skill level 7 in Axes
  3094 | D:6      | Killed a vampire mosquito
  3096 | D:6      | Killed a vampire mosquito
  3208 | D:6      | Reached XP level 8. HP: 70/70 MP: 7/7
  3458 | D:6      | Found a white marble altar of Elyvilon.
  3473 | D:6      | Reached skill level 5 in Ranged Weapons
  3476 | D:6      | Reached skill level 8 in Axes
  3593 | D:5      | Entered Level 5 of the Dungeon
  3600 | D:5      | Found a staircase to the Ecumenical Temple.
  4575 | D:5      | Noticed Blork the orc
  4583 | D:5      | Killed Blork the orc
  5158 | D:5      | Found a burning altar of Makhleb.
  5158 | D:5      | Noticed an Executioner
  5318 | D:5      | Reached skill level 9 in Axes
  5468 | D:6      | Noticed Edmund
  5476 | D:6      | Noticed a two-headed ogre
  5481 | D:6      | Killed Edmund
  5804 | D:6      | Reached XP level 9. HP: 69/79 MP: 8/8
  6083 | D:6      | Noticed Pikel
  6091 | D:6      | Killed Pikel
  6092 | D:6      | Reached skill level 10 in Axes
  6164 | D:6      | Killed a two-headed ogre
  6310 | D:6      | Found a shimmering altar of Xom.
  6626 | D:7      | Reached skill level 11 in Axes
  7285 | D:8      | Reached XP level 10. HP: 90/90 MP: 9/9
  7658 | D:8      | Reached skill level 12 in Axes
  7774 | D:8      | Reached skill level 10 in Ranged Weapons
  8341 | D:9      | Noticed Prince Ribbit
  8371 | D:9      | Killed Prince Ribbit
  8500 | D:9      | Found a transporter.
  8500 | D:9      | Noticed a moth of wrath
  8510 | D:9      | Noticed jpeg9000's ghost (novice OpSh)
  8666 | D:9      | Noticed a rust devil
  8708 | D:9      | Reached skill level 13 in Axes
  8777 | D:9      | Noticed a centaur warrior
  8817 | D:9      | Killed a centaur warrior
  8818 | D:9      | Reached XP level 11. HP: 71/99 MP: 10/10
  9187 | D:9      | Found a transporter.
  9480 | D:9      | Noticed a centaur warrior
  9525 | D:9      | Killed a centaur warrior
  9526 | D:9      | Reached skill level 10 in Fighting
  9875 | D:9      | Noticed a two-headed ogre
  9875 | D:9      | Noticed a two-headed ogre
 10294 | D:9      | a tengu conjurer changed into a harpy
 10294 | D:9      | Noticed a harpy
 10303 | D:9      | Killed a harpy
 10304 | D:9      | Reached skill level 14 in Axes
 11194 | D:9      | Killed a two-headed ogre
 11761 | D:10     | Entered Level 10 of the Dungeon
 11903 | D:10     | Noticed Psyche
 11931 | D:10     | Found a staircase to the Lair.
 12251 | D:10     | Killed Psyche
 12344 | D:10     | Found a radiant altar of Vehumet.
 12357 | D:10     | Noticed Grum
 12365 | D:10     | Killed Grum
 12415 | D:10     | Identified the +3 trident of Tujuvven {flame, rN++}
 12416 | D:10     | Found a runed translucent door.
 12417 | D:10     | Noticed niangp's ghost (novice DsBe)
 12488 | D:10     | Noticed a cyan ugly thing
 12499 | D:10     | Killed a cyan ugly thing
 12684 | Lair:1   | Entered Level 1 of the Lair of Beasts
 12851 | Lair:1   | Reached skill level 15 in Axes
 12943 | Lair:1   | Reached XP level 12. HP: 110/110 MP: 11/11
 14006 | Lair:2   | Found a staircase to the Snake Pit.
 14261 | Lair:2   | Noticed Urug
 14276 | Lair:2   | Reached skill level 16 in Axes
 14282 | Lair:2   | Killed Urug
 14286 | Lair:2   | Noticed a four-headed hydra
 14299 | Lair:2   | Killed a one-headed hydra
 14399 | Lair:2   | Found a staircase to the Swamp.
 14485 | Lair:2   | Noticed Maggie
 14554 | Lair:2   | Maggie changed into Maggie the cane toad
 14554 | Lair:2   | Noticed Maggie
 14559 | Lair:2   | Killed Maggie the cane toad
 14660 | Lair:2   | Identified the +6 flail of Muz Goc {drain, Int+4 Dex-2}
 14842 | Lair:3   | Reached XP level 13. HP: 91/119 MP: 9/12
 15011 | Lair:3   | Noticed Kirke
 15073 | Lair:3   | Noticed a sphinx
 15079 | Lair:3   | Noticed a sphinx
 15098 | Lair:3   | Killed Kirke
 15099 | Lair:3   | Reached skill level 17 in Axes
 15518 | Lair:3   | Reached skill level 15 in Ranged Weapons
 16015 | Lair:3   | Noticed Gastronok
 16030 | Lair:3   | Killed Gastronok
 16783 | Lair:4   | Found a transporter.
 16786 | Lair:4   | Noticed Firecrotchwizard's ghost (journeyman TrSh)
 17040 | Lair:4   | Noticed Sonja
 17058 | Lair:4   | Sonja changed into Sonja the ogre
 17058 | Lair:4   | Noticed Sonja
 17062 | Lair:4   | Killed Sonja the ogre
 17280 | Lair:4   | Found a transporter.
 17299 | Lair:4   | Reached skill level 18 in Axes
 17359 | Lair:4   | Found a runed translucent door.
 17362 | Lair:4   | Found a viscous altar of Jiyva.
 17362 | Lair:4   | Noticed an acid blob
 17364 | Lair:4   | Noticed an acid blob
 17367 | Lair:4   | Found a staircase to the Slime Pits.
 18034 | Lair:5   | Entered Level 5 of the Lair of Beasts
 18377 | Lair:5   | Reached **** piety under Trog
 18949 | Lair:5   | Reached XP level 14. HP: 109/129 MP: 11/13
 18955 | Lair:5   | Reached skill level 5 in Dodging
 24204 | Lair:4   | Reached skill level 5 in Armour
 24206 | Lair:4   | Reached skill level 19 in Axes
 25466 | D:10     | Killed niangp's ghost
 25527 | D:10     | Identified the staff of Paewkem {Str+5 Dex+3 Earth}
 25753 | D:11     | Found Jeoh's Assorted Antiques.
 27234 | D:11     | Found an iron altar of Okawaru.
 27342 | D:11     | Found a staircase to the Orcish Mines.
 27694 | Orc:1    | Entered Level 1 of the Orcish Mines
 28423 | Orc:2    | Entered Level 2 of the Orcish Mines
 28424 | Orc:2    | Found a radiant altar of Vehumet.
 28768 | Orc:1    | Reached skill level 5 in Throwing
 28831 | Orc:2    | Gained mutation: You sometimes lose your temper in combat.
                  | [a shining eye]
 28834 | Orc:2    | Gained mutation: You occasionally lose the ability to read
                  | scrolls when taking damage. [a shining eye]
 28840 | Orc:2    | Gained mutation: Armour fits poorly on your strangely
                  | shaped body. [a shining eye]
 28843 | Orc:2    | Reached skill level 1 in Evocations
 28878 | Orc:1    | Lost mutation: You occasionally lose the ability to read
                  | scrolls when taking damage. [potion of mutation]
 28878 | Orc:1    | Lost mutation: You sometimes lose your temper in combat.
                  | [potion of mutation]
 28878 | Orc:1    | Gained mutation: You are vulnerable to heat. (rF-) [potion
                  | of mutation]
 28878 | Orc:1    | Gained mutation: You are strong-willed. (Will+) [potion of
                  | mutation]
 28878 | Orc:1    | Gained mutation: You expend magic power (3 MP) to
                  | strengthen your wands. [potion of mutation]
 28879 | Orc:1    | Lost mutation: You expend magic power (3 MP) to strengthen
                  | your wands. [potion of mutation]
 28879 | Orc:1    | Lost mutation: You are vulnerable to heat. (rF-) [potion of
                  | mutation]
 28879 | Orc:1    | Gained mutation: You have sharp toenails. [potion of
                  | mutation]
 28887 | Orc:2    | Reached XP level 15. HP: 139/139 MP: 14/14
 29505 | D:6      | Bought a shiny crystal plate armour for 1494 gold pieces
 29708 | Orc:2    | Found a staircase to the Elven Halls.
 29873 | Orc:2    | Found a runed translucent gate.
 29873 | Orc:2    | Found a runed translucent gate.
 30009 | Orc:2    | Found Xibbezoen's Distillery.
 30015 | Orc:2    | Bought a potion of might for 64 gold pieces
 30015 | Orc:2    | Bought a potion of curing for 48 gold pieces
 30015 | Orc:2    | Bought a potion of enlightenment for 80 gold pieces
 30029 | Orc:2    | Found Ibemodin's Antique Weapon Shoppe.
 30282 | Orc:2    | Found Makkoehi's Jewellery Shoppe.
 30460 | Orc:2    | Found a runed translucent gate.
 30460 | Orc:2    | Noticed PowderKeg's ghost (journeyman AtFi)
 30545 | Orc:2    | Found Seunwoodaf's Armour Shoppe.
 30638 | Orc:2    | Found an iron altar of Okawaru.
 30738 | D:12     | Noticed Azrael
 30750 | D:12     | Killed Azrael
 31453 | D:12     | Reached skill level 20 in Axes
 31941 | D:13     | Noticed Maurice
 32156 | D:12     | Killed Maurice
 32157 | D:12     | Reached skill level 1 in Shields
 32494 | D:13     | Found a stormy altar of Qazlal.
 32585 | D:13     | Noticed Josephine
 32615 | D:12     | Killed Josephine
 32823 | D:14     | Found Bexkyed's Weapon Shop.
 32830 | D:14     | Bought a +1 heavy sling for 164 gold pieces
 33527 | D:14     | Found a snail-covered altar of Cheibriados.
 33548 | D:14     | Identified a scroll of acquirement
 33549 | D:14     | Acquired the +1 cloak of the Moon Troll {Harm Regen+ SInv}
 33624 | D:14     | Reached skill level 15 in Fighting
 33657 | D:14     | Found a radiant altar of Vehumet.
 33800 | D:14     | Found a gate to the Vaults.
 34394 | D:15     | Entered Level 15 of the Dungeon
 34578 | D:15     | Found a staircase to the Depths.
 35431 | D:9      | Killed jpeg9000's ghost
 35619 | Orc:2    | Reached XP level 16. HP: 149/149 MP: 15/15
 35623 | Orc:2    | Killed PowderKeg's ghost
 35920 | Lair:4   | Killed an acid blob
 35922 | Lair:4   | Killed an acid blob
 36005 | Lair:4   | Killed Firecrotchwizard's ghost
 36520 | Orc:2    | Bought a ring of flight for 192 gold pieces
 36702 | Swamp:1  | Entered Level 1 of the Swamp
 38237 | Swamp:1  | Reached skill level 5 in Shields
 39163 | Swamp:1  | Reached skill level 5 in Evocations
 39875 | Swamp:3  | Identified the "Usheegic"
 40325 | Swamp:3  | Reached ***** piety under Trog
 40681 | Swamp:3  | Reached XP level 17. HP: 158/158 MP: 14/16
 40856 | Swamp:4  | Entered Level 4 of the Swamp
 40972 | Swamp:4  | Reached skill level 10 in Armour
 41876 | Swamp:4  | Reached skill level 10 in Dodging
 42838 | Swamp:4  | Noticed the 27-headed Lernaean hydra
 42848 | Swamp:4  | Killed the 27-headed Lernaean hydra
 43165 | Swamp:4  | Got a decaying rune of Zot
 43333 | Snake:1  | Entered Level 1 of the Snake Pit
 43434 | Snake:1  | Identified the +4 war axe "Binlaoje" {flame, Fly rElec
                  | Str+4 Int-3} (Trog gifted it to you on level 1 of the Snake
                  | Pit)
 43434 | Snake:1  | Received a gift from Trog
 44433 | Snake:1  | Identified the +0 robe of the Pastamancer {rElec rN+ Str-5
                  | Archmagi}
 45734 | Snake:2  | Reached skill level 1 in Stealth
 45902 | Snake:2  | Identified the serpent talisman of Hide-and-Seek {Int+5
                  | Slay+2}
 45902 | Snake:2  | Noticed Aizul
 45916 | Snake:2  | Killed Aizul
 46031 | Snake:2  | Received a gift from Trog
 46409 | Snake:2  | Identified the +1 ring mail of Beogh's Castigation {rElec
                  | rF- rCorr Str-5}
 46628 | Snake:2  | Reached XP level 18. HP: 150/170 MP: 13/17
 46636 | Snake:2  | HP: 9/255 [salamander tyrant/flame surge (35)]
 46636 | Snake:2  | Killed from afar by a salamander tyrant

Illustrated notes

Levels and vault maps discovered:
D:1:      ncdulo_wetmaze, layout_loops_ring
D:2:      layout_loops_cross, minmay_3d_cube, uniq_robin
D:3:      layout_rooms, serial_shops, shop, uniq_jessica
D:4:      layout_layer_cave, mainiacjoe_overflow_surrounded_room,
          serial_bayou_pond_b
D:5:      layout_layer_cave, makhleb_altar_promises_db,
          minmay_temple_entry_from_below_a, minmay_small_thing,
          uniq_blork_the_orc
D:6:      layout_basic, kennysheep_mini, lemuel_crystal_altar, serial_shops,
          kennysheep_little_box, uniq_pikel, uniq_edmund
D:7:      layout_loops_ring
D:8:      layout_basic
D:9:      minmay_slanted_spiral_squares, layout_stronghold,
          gammafunk_ghost_berserking_beasts, hangedman_corner_corridor,
          uniq_prince_ribbit1
D:10:     layout_rooms, mainiacjoe_overflow_tiny_flanked, dpeg_oklobed_lair,
          ebering_ghost_funeral_grove, uniq_psyche, uniq_grum
D:11:     layout_cave_pods, orc_0_dummy, serial_shops, nicolae_stop_n_shop_2,
          chequers_big_river, okawaru_humans
D:12:     layout_basic, drop_trap, uniq_azrael
D:13:     layout_cave_pools, nicolae_qazlal_style_of_elements, uniq_maurice,
          uniq_josephine
D:14:     layout_cave_pods, david_vaults_1, cheibriados_altar_1, serial_shops,
          shop, nicolae_vehumet_radiance
D:15:     hangedman_depths_entry_civil_slaughter, layout_long_grid,
          solitary_fountain
Lair:1:   wad_woods_minihive, layout_cellular_growth, lemuel_fruit_fields,
          serial_bayou_shore_b, serial_bayou_shore_a
Lair:2:   layout_misc_corridors, minmay_swamp_entry_reptiles,
          guppyfry_snake_entry_garden, chequers_serial_rivers_room_b,
          beast_lair_carwin_6, uniq_maggie, uniq_urug
Lair:3:   layout_gridlike, uniq_gastronok, uniq_kirke
Lair:4:   layout_cellular_growth, slime_entry_2, gammafunk_ghost_arena,
          beast_lair_carwin_11, uniq_sonja
Lair:5:   gammafunk_lair_ancient_temple, layout_layer_cave
Swamp:1:  layout_falls_marsh, serial_swamp_ruin, evilmike_swamp_ruin_wall,
          evilmike_swamp_ruin_house_2, evilmike_swamp_ruin_rubble_2,
          nicolae_swamp_tree_isthmus
Swamp:2:  layout_basic_swamp, nicolae_swamp_some_circles, swamp_pool_1_2
Swamp:3:  layout_basic_swamp, evilmike_swamp_ruin_house_4
Swamp:4:  swamp_old_school, layout_basic_swamp, swamp_pool_1_2,
          infiniplex_staircase_pool
Snake:1:  layout_chambers, nrook_guardian_serpent_double
Snake:2:  cheibrodos_snake_lava_hold, layout_chambers, grunt_ministairs_6,
          nrook_loot_triangle, uniq_aizul
Orc:1:    layout_caves
Orc:2:    hellmonk_orc_salted, layout_diamond_mine,
          gammafunk_ghost_fury_of_okawaru, basic_altar, lightli_church_of_beogh

Skill      XL: |  1  2  3  4  5  6  7  8  9 10 11 12 13 14 15 16 17 |
---------------+----------------------------------------------------+-----
Axes           | 4 5 6 7 9 11 13 15 16 18 19 20 | 20.0
Dodging        | 3 4 6 8 9 11 | 11.1
Fighting       | 4 5 6 7 8 9 11 12 13 14 15 16 17 | 17.5
Throwing       | 1 2 5 6 8 |  8.4
Ranged Weapons | 3 4 6 9 11 12 14 16 17 18 | 18.0
Armour         | 3 6 8 9 12 | 12.2
Evocations     | 1 3 5 8 |  8.1
Shields        | 3 5 |  5.1
Stealth        | 3 |  3.3

Action                     |  1- 3 |  4- 6 |  7- 9 | 10-12 | 13-15 | 16-18 || total
---------------------------+-------+-------+-------+-------+-------+-------++-------
  Melee: Hand axe          |    75 |    64 |     8 |       |       |       ||   147
         Headbutt          |    12 |     8 |    19 |    76 |   196 |    93 ||   404
         Flail             |       |    41 |    22 |       |       |       ||    63
         War axe           |       |       |    83 |   471 |   858 |    63 ||  1475
         Morningstar       |       |       |    16 |       |       |       ||    16
         Battleaxe         |       |       |       |       |       |   356 ||   356
   Fire: Sling             |       |    24 |    68 |    83 |   422 |       ||   597
         Arbalest          |       |       |       |       |       |   263 ||   263
  Throw: Boomerang         |       |     7 |     7 |    30 |    30 |    12 ||    86
         Dart              |       |       |     4 |     3 |    12 |       ||    19
         Javelin           |       |       |       |     2 |       |       ||     2
 Invoke: Berserk           |     1 |     3 |     6 |    20 |    37 |    11 ||    78
         Trog's Hand       |       |     2 |     4 |    31 |    35 |    11 ||    83
  Evoke: Wand              |       |     1 |     4 |     8 |    10 |     1 ||    24
    Use: Scroll            |       |     6 |     9 |    15 |    14 |     5 ||    49
         Potion            |       |       |       |       |    10 |     7 ||    17
   Stab: Invisible         |       |       |     1 |       |     5 |     4 ||    10
         Betrayed ally     |       |       |       |       |     1 |       ||     1
 Armour: Animal skin       |     4 |       |       |       |       |       ||     4
         Scale mail        |    27 |    67 |    71 |       |       |       ||   165
         Chain mail        |       |       |    29 |   367 |   707 |   596 ||  1699
  Dodge: Dodged            |    40 |    60 |    58 |   207 |   313 |   393 ||  1071
  Block: Kite shield       |       |       |    20 |   190 |   274 |     1 ||   485

Table legend: (Time is in decaauts)
 A = Elapsed time spent in this place.
 B = Non-inter-level travel time spent in this place.
 C = Inter-level travel time spent in this place.
 D = Time resting spent in this place.
 E = Time spent auto-exploring this place.
 F = Levels seen in this place.
 G = Mean time per level.
                   A        B        C        D        E       F      G
               +--------+--------+--------+--------+--------+-----+--------+
         Total |  47277 |  45001 |   2276 |  20271 |  17406 |  28 | 1688.5 |
       Dungeon |  20903 |  19709 |   1194 |   6823 |   9394 |  15 | 1393.5 |
          Lair |  13535 |  13020 |    515 |   7522 |   3815 |   5 | 2707.0 |
         Swamp |   6641 |   6419 |    222 |   3642 |   1808 |   4 | 1660.2 |
     Snake Pit |   3322 |   3292 |     30 |   1390 |   1397 |   2 | 1661.0 |
  Orcish Mines |   2875 |   2562 |    313 |    892 |    991 |   2 | 1437.5 |
               +--------+--------+--------+--------+--------+-----+--------+

Top non-repeatable levels by time:
  Lair:5: 6771 daAuts
     D:9: 3702 daAuts
 Swamp:1: 2592 daAuts
  Lair:4: 2572 daAuts
 Swamp:4: 2398 daAuts
    D:11: 2297 daAuts
 Snake:1: 2033 daAuts
   Orc:2: 1869 daAuts
  Lair:3: 1755 daAuts
     D:6: 1738 daAuts
    D:14: 1590 daAuts
  Lair:1: 1478 daAuts
    D:10: 1470 daAuts
    D:12: 1443 daAuts
     D:5: 1369 daAuts
